 Dungeon Sprint DCSS version 0.28-a0-664-gc179e30c89 (webtiles) character file.

Game seed: 17400656581197282692

63957 ytrimaz the Axe Maniac (level 15, -15/164 HPs)
             Began as a Formicid Fighter on Oct 16, 2021.
             Was the Champion of Okawaru.
             Killed from afar by Yjeddu the pandemonium lord (61 damage)
             ... with a bolt of fire
             ... in the Dungeon (Sprint V: "Ziggurat Sprint").
             The game lasted 00:15:45 (1840 turns).

ytrimaz the Axe Maniac (Formicid Fighter)           Turns: 1840, Time: 00:15:45

Health: -15/164    AC: 43    Str: 34    XL:     15   Next: 52%
Magic:  19/24      EV:  6    Int:  8    God:    Okawaru [******]
Gold:   0          SH: 35    Dex: 10    Spells: 14/14 levels left

rFire   . . .      SeeInvis +   b - +5 executioner's axe (chaos)
rCold   . . .      Faith    .   u - +18 shield of the Gong {rElec rN+ Will+ EV-5}
rNeg    + . .      Spirit   .   c - +15 Maxwell's patent armour {-Cast -Tele rElec Will+ rCorr}
rPois   +          Reflect  .   (helmet unavailable)
rElec   +          Harm     .   (no cloak)
rCorr   +          Rampage  +   E - +2 pair of gloves {Str+3}
Will    +++++      NoCast   +   h - +2 pair of boots {rampage}
Stlth   ..........              T - amulet of Vitality {Regen+ HP+15}
HPRegen 1.37/turn               Q - ring of Okawaru's Castigation {rPois Will++ Str-2}
MPRegen 0.19/turn               I - ring "Soenien" {Will+ Str+6}

@: heroic, finesse-ful, studying Shields
A: permanent stasis, dig shafts and tunnels, antennae 3, four strong arms
a: Dig, Renounce Religion, Heroism, Finesse


You were in the Dungeon.
You worshipped Okawaru.
Okawaru was exalted by your worship.
You visited 1 branch

Inventory:

Hand Weapons
 a - the +14 obsidian axe {vorpal, Mesm Drain Fly SInv}
   (You found it in the Dungeon)

   It inflicts extra damage upon your enemies.
   It occasionally summons demons to assist the wielder when it strikes in
   combat.
   Its wielder is mesmerised by any visible foes.
   It cannot be unequipped while any foes are visible.
   SInv:      It lets you see invisible.
   Fly:       It grants you flight.
   Drain:     It drains your maximum health when unequipped.
 b - a +5 executioner's axe of chaos (weapon)
 H - the +8 mithril axe "Arga" {speed, Will+}
   (You found it in the Dungeon)

   Attacks with this weapon are significantly faster.
   Will:      It increases your willpower.
 L - the +5 falchion "Roaschuuth" {vorpal, rF+++ Int-2 SInv Stlth+}
   (You found it in the Dungeon)

   It inflicts extra damage upon your enemies.
   Int:       It affects your intelligence (-2).
   rF:        It renders you almost immune to fire.
   SInv:      It lets you see invisible.
   Stlth:     It makes you more stealthy.
Armour
 c - the +15 Maxwell's patent armour (worn) {-Cast -Tele rElec Will+ rCorr}
   (You found it in the Dungeon)

   rElec:     It insulates you from electricity.
   -Cast:     It prevents spellcasting.
   -Tele:     It prevents most forms of teleportation.
   rCorr:     It protects you from acid and corrosion.
   Will:      It increases your willpower.
 h - a +2 pair of boots of rampaging (worn)
 i - +5 gold dragon scales
 j - a +3 buckler
 k - a +3 tower shield
 u - the +18 shield of the Gong (worn) {rElec rN+ Will+ EV-5}
   (You found it in the Dungeon)

   It is deafeningly noisy when blocking attacks.
   EV:        It affects your evasion (-5).
   rElec:     It insulates you from electricity.
   rN:        It protects you from negative energy.
   Will:      It increases your willpower.
 E - a +2 pair of gloves of strength (worn)
Jewellery
 l - a +6 ring of dexterity
 m - a +6 ring of dexterity
 n - a +6 ring of intelligence
 o - a +6 ring of intelligence
 p - a +6 ring of strength
 q - a +6 ring of strength
 B - a ring of poison resistance
 C - an amulet of reflection
 D - the ring "Dapsob" {Fly Will+ Int+4}
   (You found it in the Dungeon)

   [ring of flight]

   Int:       It affects your intelligence (+4).
   Fly:       It grants you flight.
   Will:      It increases your willpower.
 G - an amulet of guardian spirit
 I - the ring "Soenien" (right hand) {Will+ Str+6}
   (You found it in the Dungeon)

   [ring of strength]

   Str:       It affects your strength (+6).
   Will:      It increases your willpower.
 J - a ring of protection from fire
 K - the ring "Ygoiwa" {rF+ Int+4}
   (You found it in the Dungeon)

   [ring of protection from fire]

   Int:       It affects your intelligence (+4).
   rF:        It protects you from fire.
 M - a ring of willpower
 N - a ring of magical power
 O - a ring of fire
 P - the amulet of the Air {Inacc Air Fly rElec RMsl}
   (You found it in the Dungeon)

   [amulet of nothing]

   It reduces the accuracy of all your attacks.
   It enhances your air magic.
   rElec:     It insulates you from electricity.
   Fly:       It grants you flight.
   RMsl:      It protects you from missiles.
 Q - the ring of Okawaru's Castigation (left hand) {rPois Will++ Str-2}
   (You found it in the Dungeon)

   [ring of poison resistance]

   Str:       It affects your strength (-2).
   rPois:     It protects you from poison.
   Will:      It greatly increases your willpower.
 R - a +4 ring of protection
 S - a +6 ring of intelligence
 T - the amulet of Vitality (around neck) {Regen+ HP+15}
   (You found it in the Dungeon)

   [amulet of regeneration]

   HP:        It affects your health (+15).
   Regen:     It increases your rate of health regeneration.
Wands
 r - a wand of mindburst (7)
 s - a wand of iceblast (7)
 t - a wand of acid (7)
Scrolls
 v - 4 scrolls of amnesia
 w - 7 scrolls of fog
 y - 5 scrolls of identify
 z - 2 scrolls of fear
Potions
 d - 2 potions of might
 e - a potion of curing
 f - a potion of heal wounds
 g - 2 potions of magic
Miscellaneous
 A - a phantom mirror
 F - a lightning rod (4/4)


   Skills:
 * Level 23.1(27) Fighting
 O Level 27 Axes
 * Level 17.1(22.1) Armour
 * Level 21.4(26.4) Shields
 * Level 13.2 Invocations


You had 14 spell levels left.
You didn't know any spells.
Your spell library contained the following spells:

 Spells                   Type           Power      Damage    Failure   Level
 Apportation              Tloc           0%         N/A       80%         1
 Foxfire                  Conj/Fire      0%         2x1d4     80%         1
 Magic Dart               Conj           0%         1d3       80%         1
 Pain                     Necr           0%         1d4       80%         1
 Sandblast                Erth           0%         2d4       80%         1
 Sting                    Tmut/Pois      0%         1d3       80%         1
 Corpse Rot               Necr/Air       N/A        N/A       90%         2
 Passwall                 Tmut/Erth      0%         N/A       90%         2
 Poisonous Vapours        Pois/Air       0%         N/A       90%         2
 Scorch                   Fire           0%         2d5       90%         2
 Conjure Flame            Conj/Fire      0%         6-21      99%         3
 Dazzling Flash           Conj/Hex       0%         N/A       99%         3
 Gell's Gravitas          Tloc           0%         N/A       99%         3
 Inner Flame              Hex/Fire       0%         N/A       99%         3
 Lesser Beckoning         Tloc           0%         N/A       99%         3
 Portal Projectile        Hex/Tloc       0%         N/A       99%         3
 Stone Arrow              Conj/Erth      0%         3d7       99%         3
 Teleport Other           Tloc           0%         N/A       99%         3
 Airstrike                Air            0%         N/A       100%        4
 Cause Fear               Hex            0%         N/A       100%        4
 Dispel Undead            Necr           0%         3d6       100%        4
 Flame Wave               Conj/Fire      0%         3d3       100%        4
 Leda's Liquefaction      Hex/Erth       0%         N/A       100%        4
 Olgreb's Toxic Radiance  Pois           0%         N/A       100%        4
 Sticky Flame             Conj/Fire      0%         2d3       100%        4
 Agony                    Necr           0%         N/A       100%        5
 Excruciating Wounds      Necr           0%         N/A       100%        5
 Irradiate                Conj/Tmut      0%         3d13      100%        5
 Iskenderun's Battlesphe  Conj           0%         2d6       100%        5
 Lightning Bolt           Conj/Air       0%         1d11      100%        5
 Manifold Assault         Tloc           0%         N/A       100%        5
 Silence                  Hex/Air        0%         N/A       100%        5
 Dispersal                Tloc           0%         N/A       100%        6
 Invisibility             Hex            0%         N/A       100%        6
 Iron Shot                Conj/Erth      0%         9d1       100%        6
 Dragon Form              Tmut           0%         N/A       100%        7
 Ozocubu's Refrigeration  Ice            0%         4d5       100%        7
 Storm Form               Tmut/Air       0%         N/A       100%        7
 Ignition                 Fire           0%         3d3       100%        8
 Fire Storm               Conj/Fire      0%         5d1       100%        9
 Animate Skeleton         Necr           Unusable   N/A       N/A         1
 Summon Small Mammal      Summ           Unusable   N/A       N/A         1
 Blink                    Tloc           Unusable   N/A       N/A         2
 Swiftness                Air            Unusable   N/A       N/A         3
 Tukima's Dance           Hex            Unusable   N/A       N/A         3
 Summon Lightning Spire   Summ/Air       Unusable   N/A       N/A         4
 Death Channel            Necr           Unusable   N/A       N/A         6
 Summon Cactus Giant      Summ           Unusable   N/A       N/A         6
 Spellforged Servitor     Conj/Summ      Unusable   N/A       N/A         7
 Dragon's Call            Summ           Unusable   N/A       N/A         9

Dungeon Overview and Level Annotations

Branches:
Dungeon (1/1)

Altars:
Ashenzari
Cheibriados
Dithmenos
Elyvilon
Fedhas
Gozag
Hepliaklqana
Kikubaaqudgha
Makhleb
Nemelex Xobeh
Okawaru
Qazlal
Ru
Sif Muna
Trog
Uskayaw
Vehumet
Wu Jian
Xom
Yredelemnul
Zin
The Shining One
Beogh
Jiyva
Lugonu

Annotations:
D 1 transporter


Innate Abilities, Weirdness & Mutations

You cannot be hasted, slowed, berserked, paralysed or teleported.
You can dig through walls and to a lower floor.
You have a pair of large antennae on your head. (SInv)
Your four strong arms can wield two-handed weapons with a shield.


Message History

The floor.
Unknown command.
You barely miss Roog.
Roog is heavily wounded.
You barely miss Potel. You slash Yjeddu! You completely miss Oshraulu.
You slice Totreippo!! You burn Totreippo! You block Roog's attack.
GONNNNG!
Oshraulu is lost in a daze.
Totreippo hits you but does no damage.
Unknown command.
Unknown command.
Unknown command.
Press: ? - help, v - describe, . - travel
Here: Rohomuutt, armed with a draining touch (lightly wounded, dazed)
The floor.
Unknown command.
You slice Potel like a ripe choko!!!
Potel resists with almost no effort.
Potel is heavily wounded.
You closely miss Yjeddu. You completely miss Oshraulu.
You hit Totreippo but do no damage. You slice Roog like a ripe choko!!!
You burn Roog.
You are standing in a thunderstorm.
You block Potel's attack.
SHROANNG!
Unknown command.
You slice Yjeddu!! Lightning courses through Yjeddu!!
Yjeddu is moderately wounded.
You miss Potel. You slice the tormentor!! You freeze the tormentor!
You kill the tormentor!
Okawaru accepts your kill.
You slash the sun demon!
The sun demon resists with almost no effort.
You slash Roog!
Roog's magic leaks into the air.
You hit Totreippo but do no damage.
Totreippo appears confused.
You completely miss Oshraulu.
You are standing in a thunderstorm.
You block Totreippo's attack.
SHROANNG!
You block Oshraulu's attack.
BONNNG!
The hellwing is lost in a daze.
Yjeddu gestures at you. The bolt of fire hits you!!!
You die...

▓▓▓▓▓▓▓▓
▓▓▓▓▓▓▓▓▓▓▓▓▓▓▓▓▓▓▓▓▓▓▓▓
8_8_8_8▓
......8©8......▓.....8©8
..)).._▓
..=)|}")))=|}..▓..}).)}[
......8▓
..[|[}?[)||)|..▓...)).)|
..=..._▓
..§...4........▓........
......8▓
......4........▓........
..}..._▓
.....463§4.....▓........
......8▓
......&@&§.....▓.....)))
......_▓
....&.&&&§.....▓.....)[)
......8▓
.....°.4.......▓..▓.....
......_▓
.......°.......▓.▓▓▓....
......8▓
...............▓..▓.....
......_▓
...▓.......▓...▓........
8_8_8_8▓
...............▓......©{
▓▓▓▓▓▓▓▓
...............▓▓▓▓▓▓▓▓▓
.......©.......▓.....8©8


You could see Oshraulu (agile, dazed), Potel (dazed), Rohomuutt (dazed), Roog
(invisible, clouds, dazed, very poisoned), Totreippo (confused, dazed), Yjeddu
(dazed), a demonspawn blood saint (dazed), a sun demon (dazed), an orange demon
(dazed, poisoned), 2 hellwings, a rust devil (dazed) and a chaos spawn (dazed).

Vanquished Creatures
  2 ancient liches (D)
  A searing wretch (D)
  A lich (D)
  3 deep elf master archers (D)
  An Executioner (D)
  A shadow dragon (D)
  A tentacled starspawn (D)
  A balrug (D)
  6 fire giants (D)
  A cacodemon (D)
  2 ghouls (D)
  5 stone giants (D)
  3 vampire knights (D)
  A merfolk javelineer (D)
  A green death (D)
  2 yaktaur captains (D)
  4 salamander tyrants (D)
  5 vault guards (D)
  A spriggan air mage (D)
  2 hydras (D)
  3 centaur warriors (D)
  A hell hog (D)
  A death yak (D)
  2 spriggan berserkers (D)
  2 spriggan druids (D)
  4 necromancers (D)
  5 cyclopes (D)
  2 elephants (D)
  A black mamba (D)
  2 smoke demons (D)
  5 cane toads (D)
  2 rime drakes (D)
  4 yaktaurs (D)
  3 komodo dragons (D)
  An ancient zyme (D)
  An ice devil (D)
  2 tormentors (D)
  2 polar bears (D)
  A jumping spider (D)
  3 hornets (D)
  A blink frog (D)
  A slime creature (D)
  4 shadows (D)
  2 yaks (D)
  8 spriggans (D)
  A wraith (D)
  3 vampires (D)
  4 ynoxinuls (D)
  A basilisk (D)
  A naga (D)
  A floating eye (D)
  7 water moccasins (D)
  2 black bears (D)
  3 ice beasts (D)
  2 necrophages (D)
  6 wolves (D)
  6 centaurs (D)
  A bullfrog (D)
  2 scorpions (D)
  2 small abominations (D)
  2 wights (D)
  2 quasits (D)
  3 jellies (D)
  2 orc priests (D)
  An iron imp (D)
  3 orc wizards (D)
  5 adders (D)
  An adder skeleton (D)
  An adder zombie (D)
  An adder simulacrum (D)
  A bat zombie (D)
  3 endoplasms (D)
  A ball python skeleton (D)
  2 giant cockroach zombies (D)
  A quokka skeleton (D)
  A creeping inferno (D)
  2 fire vortices (D)
  A starspawn tentacle (D)
182 creatures vanquished.

Vanquished Creatures (others)
  A centaur warrior (D)
  A naga (D)
  A starspawn tentacle (D)
3 creatures vanquished.

Grand Total: 185 creatures vanquished

Notes
Turn   | Place    | Note
-------+----------+-------------------------------------------
     0 | D        | ytrimaz the Formicid Fighter began the quest for the Orb.
     0 | D        | Reached XP level 1. HP: 18/18 MP: 1/1
     3 | D        | Found a blossoming altar of Fedhas.
     3 | D        | Found the +6 Majin-Bo {vamp, MP+6 Int+6}
     3 | D        | Found the +9 heavy crossbow "Sniper" {vorpal, Acc+∞ SInv}
     3 | D        | Found the +10 dark maul {vorpal}
     3 | D        | Found the +15 Maxwell's patent armour {-Cast -Tele rElec
                  | Will+ rCorr}
     3 | D        | Found the +18 shield of the Gong {rElec rN+ Will+ EV-5}
     3 | D        | Found the +14 obsidian axe {vorpal, Mesm Drain Fly SInv}
     4 | D        | Found a viscous altar of Jiyva.
     4 | D        | Found a hazy altar of Hepliaklqana.
     4 | D        | Found a transporter.
     4 | D        | Found an opulent altar of Gozag.
     4 | D        | Found an ancient bone altar of Kikubaaqudgha.
     4 | D        | Found a corrupted altar of Lugonu.
     4 | D        | Found the +7 great mace "Firestarter" {inner flame, rF++}
     4 | D        | Found the +6 shillelagh "Devastator" {shatter}
     4 | D        | Found the +11 plutonium sword {Contam Stlth-}
     4 | D        | Found the +8 lance "Wyrmbane" {slay drac, rPois rF+ rC+
                  | AC+3}
     4 | D        | Found the +9 sword of Zonguldrok {reap}
     4 | D        | Found the +13 scythe of Curses {drain, Drain}
     4 | D        | Found the +5 sword of Power {vorpal}
     4 | D        | Found the +7 mace of Variability {chain chaos}
     4 | D        | Found the +7 Singing Sword {vorpal, sonic wave}
     4 | D        | Found the +8 storm bow {elec, penet}
     6 | D        | Banished a spatial maelstrom
    46 | D        | Found a burning altar of Makhleb.
    47 | D        | Found a stormy altar of Qazlal.
    47 | D        | Found a sacrificial altar of Ru.
    47 | D        | Found an iron altar of Okawaru.
    47 | D        | Found a shimmering blue altar of Sif Muna.
    47 | D        | Found a sparkling altar of Nemelex Xobeh.
    47 | D        | Found a bloodstained altar of Trog.
   103 | D        | Became a worshipper of Warmaster Okawaru
   248 | D        | Entered arena 2.
   248 | D        | Noticed a water moccasin
   248 | D        | Found a transporter.
   253 | D        | Reached XP level 2. HP: 23/25 MP: 2/2
   255 | D        | Killed a water moccasin
   255 | D        | Reached * piety under Okawaru
   256 | D        | Reached skill level 3 in Axes
   256 | D        | Reached XP level 3. HP: 33/35 MP: 3/3
   256 | D        | Reached XP level 4. HP: 39/41 MP: 4/4
   256 | D        | Reached XP level 5. HP: 45/47 MP: 5/5
   264 | D        | Entered arena 3.
   264 | D        | Noticed a jumping spider
   264 | D        | Found a transporter.
   268 | D        | Reached skill level 4 in Axes
   268 | D        | Reached XP level 6. HP: 44/56 MP: 6/6
   268 | D        | Killed a jumping spider
   268 | D        | Reached ** piety under Okawaru
   269 | D        | Reached skill level 6 in Axes
   269 | D        | Reached skill level 10 in Shields
   269 | D        | Reached XP level 7. HP: 50/63 MP: 7/7
   286 | D        | Entered arena 4.
   286 | D        | Found a transporter.
   299 | D        | Entered arena 5.
   299 | D        | Noticed a slime creature
   299 | D        | Found a transporter.
   304 | D        | Reached skill level 7 in Axes
   305 | D        | Killed a slime creature
   305 | D        | Reached *** piety under Okawaru
   306 | D        | Reached skill level 10 in Fighting
   306 | D        | Reached skill level 8 in Axes
   306 | D        | Reached XP level 8. HP: 58/72 MP: 8/8
   322 | D        | Entered arena 6.
   322 | D        | Found a transporter.
   328 | D        | Reached skill level 9 in Axes
   339 | D        | Entered arena 7.
   340 | D        | Found a transporter.
   374 | D        | Entered arena 8.
   374 | D        | Noticed a cyclops
   374 | D        | Noticed a centaur warrior
   374 | D        | Noticed a yaktaur
   374 | D        | Noticed a centaur warrior
   374 | D        | Noticed a cyclops
   375 | D        | Found a transporter.
   379 | D        | Killed a centaur warrior
   379 | D        | Reached **** piety under Okawaru
   380 | D        | Reached skill level 11 in Axes
   380 | D        | Reached XP level 9. HP: 81/81 MP: 6/9
   380 | D        | Killed a cyclops
   381 | D        | Reached skill level 12 in Axes
   381 | D        | Killed a cyclops
   381 | D        | Killed a centaur warrior
   381 | D        | Reached ***** piety under Okawaru
   381 | D        | Killed a yaktaur
   382 | D        | Reached skill level 14 in Axes
   382 | D        | Reached skill level 10 in Armour
   382 | D        | Reached XP level 10. HP: 81/89 MP: 6/10
   392 | D        | Entered arena 9.
   392 | D        | Noticed a spriggan rider
   392 | D        | Noticed a spriggan rider
   399 | D        | Received a gift from Okawaru
   400 | D        | Reached skill level 15 in Shields
   401 | D        | Found a transporter.
   410 | D        | Killed a spriggan rider
   411 | D        | Reached skill level 15 in Axes
   419 | D        | Killed a spriggan rider
   420 | D        | Reached XP level 11. HP: 68/96 MP: 9/11
   424 | D        | Got the Disquisition on Lethal Intoxication
   445 | D        | Entered arena 10.
   446 | D        | Found a transporter.
   452 | D        | Reached skill level 16 in Axes
   470 | D        | Entered arena 11.
   470 | D        | Noticed a spriggan rider
   470 | D        | Noticed a spriggan druid
   474 | D        | Received a gift from Okawaru
   476 | D        | Found a transporter.
   479 | D        | Killed a spriggan druid
   480 | D        | Reached skill level 17 in Axes
   491 | D        | Killed a spriggan rider
   519 | D        | Got the Reference Book on Quantum Ignition
   531 | D        | Entered arena 12.
   531 | D        | Found the +8 mithril axe "Arga" {speed, Will+}
   531 | D        | Noticed an elephant
   531 | D        | Noticed an elephant
   533 | D        | Found a transporter.
   536 | D        | Killed an elephant
   537 | D        | Reached skill level 1 in Invocations
   538 | D        | Reached skill level 18 in Axes
   543 | D        | Killed an elephant
   544 | D        | Reached XP level 12. HP: 102/107 MP: 10/14
   563 | D        | Entered arena 13.
   563 | D        | Noticed a shadow dragon
   563 | D        | Noticed a vault guard
   563 | D        | Noticed a vault guard
   563 | D        | Noticed a stone giant
   563 | D        | Noticed a stone giant
   563 | D        | Noticed a vault guard
   563 | D        | Noticed a stone giant
   565 | D        | Noticed a vault guard
   565 | D        | Noticed a lich
   566 | D        | Noticed a vault guard
   566 | D        | Found a transporter.
   571 | D        | Killed a stone giant
   571 | D        | Received a gift from Okawaru
   572 | D        | Reached skill level 19 in Axes
   572 | D        | Killed a vault guard
   572 | D        | Killed a vault guard
   575 | D        | Killed a vault guard
   575 | D        | Killed a vault guard
   576 | D        | Reached skill level 20 in Axes
   578 | D        | Killed a lich
   578 | D        | Reached ****** piety under Okawaru
   579 | D        | Reached skill level 5 in Invocations
   582 | D        | Killed a vault guard
   582 | D        | Identified the +5 war axe of Melee {spect, Drain rC+ Dex+3}
                  | (Okawaru gifted it to you in the Dungeon)
   582 | D        | Received a gift from Okawaru
   583 | D        | Killed a stone giant
   584 | D        | Reached skill level 15 in Fighting
   584 | D        | Reached skill level 21 in Axes
   584 | D        | Killed a stone giant
   585 | D        | Killed a shadow dragon
   629 | D        | Got the ring "Soenien" {Will+ Str+6}
   659 | D        | Entered arena 14.
   662 | D        | Noticed a tentacled starspawn
   662 | D        | Found the +3 salamander hide armour {Flames rF++ rC--}
   662 | D        | Noticed an ancient lich
   663 | D        | Found a transporter.
   668 | D        | Reached XP level 13. HP: 116/116 MP: 9/17
   672 | D        | Killed an ancient lich
   672 | D        | Identified the +0 chain mail of Xevvy {Drain rN+ SInv}
                  | (Okawaru gifted it to you in the Dungeon)
   672 | D        | Received a gift from Okawaru
   673 | D        | Reached skill level 22 in Axes
   673 | D        | Killed a tentacled starspawn
   676 | D        | Reached skill level 23 in Axes
   683 | D        | Got the ring "Ygoiwa" {rF+ Int+4}
   685 | D        | Got the +5 falchion "Roaschuuth" {vorpal, rF+++ Int-2 SInv
                  | Stlth+}
   695 | D        | Entered arena 15.
   727 | D        | Noticed a vampire knight
   730 | D        | Noticed a ghoul
   732 | D        | Found a transporter.
   743 | D        | Killed a ghoul
   751 | D        | Killed a vampire knight
   792 | D        | Entered arena 16.
   795 | D        | Noticed an ancient lich
   795 | D        | Noticed a ghoul
   795 | D        | Noticed a vampire knight
   796 | D        | Noticed a vampire knight
   796 | D        | Found a transporter.
   807 | D        | Killed a vampire knight
   808 | D        | Reached skill level 24 in Axes
   809 | D        | Killed a ghoul
   812 | D        | Killed an ancient lich
   812 | D        | Identified the +1 broad axe "Killer Klown's Doom" {vorpal,
                  | Will+} (Okawaru gifted it to you in the Dungeon)
   812 | D        | Received a gift from Okawaru
   813 | D        | Reached XP level 14. HP: 114/130 MP: 13/21
   813 | D        | Killed a vampire knight
   817 | D        | Got the ring "Dapsob" {Fly Will+ Int+4}
   835 | D        | Entered arena 17.
   838 | D        | Noticed a fire giant
   838 | D        | Noticed a fire giant
   838 | D        | Noticed a fire giant
   838 | D        | Noticed a balrug
   838 | D        | Found the amulet of the Air {Inacc Air Fly rElec RMsl}
   838 | D        | Noticed a fire giant
   839 | D        | Noticed a fire giant
   839 | D        | Noticed a fire giant
   839 | D        | Noticed a searing wretch
   841 | D        | Found a transporter.
   847 | D        | Reached skill level 25 in Axes
   847 | D        | Reached skill level 15 in Armour
   851 | D        | Killed a balrug
   851 | D        | Killed a fire giant
   852 | D        | Reached skill level 10 in Invocations
   853 | D        | Killed a fire giant
   853 | D        | Identified the +6 plate armour of Baldness {rCorr Int+4}
                  | (Okawaru gifted it to you in the Dungeon)
   853 | D        | Received a gift from Okawaru
   854 | D        | Killed a fire giant
   860 | D        | Killed a fire giant
   861 | D        | Killed a fire giant
   866 | D        | Killed a searing wretch
   867 | D        | Reached skill level 26 in Axes
   868 | D        | Killed a fire giant
  1128 | D        | Got the ring of Okawaru's Castigation {rPois Will++ Str-2}
  1193 | D        | Entered arena 18.
  1199 | D        | Found a transporter.
  1425 | D        | Entered arena 19.
  1430 | D        | Noticed a deep elf master archer
  1430 | D        | Found the amulet of Vitality {Regen+ HP+15}
  1430 | D        | Noticed a stone giant
  1431 | D        | Identified the ring "Baro" {Will+ Int+2}
  1431 | D        | Noticed a stone giant
  1431 | D        | Noticed a deep elf master archer
  1431 | D        | Noticed a deep elf master archer
  1431 | D        | Found a transporter.
  1434 | D        | Identified the +3 robe of the Sunfish {Contam Int+4 Dex+7}
                  | (Okawaru gifted it to you in the Dungeon)
  1434 | D        | Received a gift from Okawaru
  1435 | D        | Reached XP level 15. HP: 144/144 MP: 16/23
  1436 | D        | Killed a stone giant
  1436 | D        | Killed a deep elf master archer
  1437 | D        | Reached skill level 27 in Axes
  1445 | D        | Killed a deep elf master archer
  1446 | D        | Killed a deep elf master archer
  1447 | D        | Killed a stone giant
  1798 | D        | Got the Guide on the Oath
  1817 | D        | Entered arena 20.
  1824 | D        | Noticed Potel the pandemonium lord
  1824 | D        | Noticed Oshraulu the pandemonium lord
  1824 | D        | Noticed a cacodemon
  1824 | D        | Noticed Roog the pandemonium lord
  1824 | D        | Noticed Totreippo the pandemonium lord
  1824 | D        | Noticed Yjeddu the pandemonium lord
  1825 | D        | Noticed Rohomuutt the pandemonium lord
  1825 | D        | Noticed an Executioner
  1825 | D        | Noticed a demonspawn blood saint
  1825 | D        | Found a transporter.
  1830 | D        | Killed an Executioner
  1836 | D        | Killed a cacodemon
  1840 | D        | Killed from afar by Yjeddu the pandemonium lord

Illustrated notes

Levels and vault maps discovered:
D:        sprint_v [room_start, room_1, room_2, room_3, room_4, room_5, room_6,
          room_7, room_8, room_9, room_10, room_11, room_12, room_13, room_14,
          room_15, room_16, room_17, room_18, room_19, room_20, room_21,
          room_22, room_23, room_24, room_25, room_26, room_27]

Skill      XL: |  1  2  3  4  5  6  7  8  9 10 11 12 13 14 15 |
---------------+----------------------------------------------+-----
Fighting       | 4 6 7 8 10 11 12 14 15 18 21 23 | 23.1
Armour         | 4 6 7 8 9 10 11 12 13 14 16 17 | 17.1
Shields        | 4 7 9 10 11 13 14 16 17 21 | 21.4
Axes           | 3 4 6 8 11 14 15 18 21 24 26 27 | 27.0
Invocations    | 2 6 9 11 13 | 13.2

Action                   |  1- 3 |  4- 6 |  7- 9 | 10-12 | 13-15 || total
-------------------------+-------+-------+-------+-------+-------++-------
Melee: Broad axe         |     6 |     3 |       |       |       ||     9
       Executioner's axe |       |       |    24 |    78 |   129 ||   231
Invok: Heroism           |       |       |     1 |     7 |     6 ||    14
       Finesse           |       |       |       |     2 |     6 ||     8
 Abil: Dig               |     1 |       |       |       |       ||     1
  Use: Scroll            |       |       |     1 |       |     2 ||     3
 Stab: Confused          |       |       |       |       |     1 ||     1
Armor: Plate armour      |     4 |     3 |     9 |    28 |    50 ||    94
Dodge: Dodged            |       |     2 |     5 |    17 |     3 ||    27
Block: Kite shield       |    14 |     6 |    57 |   143 |   145 ||   365
       Reflection        |       |       |     9 |     5 |    29 ||    43

Table legend: (Time is in decaauts)
 A = Elapsed time spent in this place.
 B = Non-inter-level travel time spent in this place.
 C = Inter-level travel time spent in this place.
 D = Time resting spent in this place.
 E = Time spent auto-exploring this place.
 F = Levels seen in this place.
 G = Mean time per level.
                   A        B        C        D        E       F      G
               +--------+--------+--------+--------+--------+-----+--------+
         Total |   1748 |   1745 |      3 |    927 |     60 |   1 | 1748.0 |
       Dungeon |   1748 |   1745 |      3 |    927 |     60 |   1 | 1748.0 |
               +--------+--------+--------+--------+--------+-----+--------+

Top non-repeatable levels by time:
       D: 1748 daAuts
